 Dungeon Crawl Stone Soup version 0.19-a0-1013-g40768a3 (webtiles) character file.

329 Gagarin the Quickloader (level 6, -9/36 HPs)
             Began as a Kobold Hunter on July 24, 2016.
             Killed by divine providence
             ... invoked by an orc priest
              (15 damage)
             ... on level 5 of the Dungeon.
             The game lasted 00:10:08 (2424 turns).

Gagarin the Quickloader (Kobold Hunter)             Turns: 2424, Time: 00:10:09

Health: -9/36      AC:  4    Str: 10    XL:     6   Next: 80%
Magic:  6/6        EV: 16    Int: 10    God:
Gold:   141        SH:  0    Dex: 18    Spells: 0 memorised, 5 levels left

rFire  . . .     SeeInvis .     b - +0 short sword
rCold  . . .     Gourm    .     c - +0 leather armour
rNeg   . . .     Faith    .     (shield restricted)
rPois  .         Spirit   .     (no helmet)
rElec  .         Dismiss  .     (no cloak)
rCorr  .         Reflect  .     u - +0 pair of gloves
SustAt .         Harm     .     (no boots)
MR     .....                    (no amulet)
Stlth  ++........               (no ring)
                                (no ring)

@: not resistant to hostile enchantments, unstealthy
A: carnivore 3
a: no special abilities


You were on level 5 of the Dungeon.
You were completely stuffed.

You visited 1 branch of the dungeon, and saw 5 of its levels.

You collected 141 gold pieces.

Inventory:

Hand Weapons
 a - a +1 hand crossbow
 b - a +0 short sword (weapon)
 y - a +0 arbalest
Armour
 c - a +0 leather armour (worn)
 o - a cursed +0 robe
 u - a +0 pair of gloves (worn)
Magical Staves
 j - a cursed staff of poison {unknown}
Jewellery
 p - an uncursed amulet of dismissal {unknown}
 w - an uncursed amulet of rage {unknown}
 D - a +2 ring of protection {unknown}
Wands
 B - a wand of acid (8/15)
 G - a wand of slowing (34/48)
Scrolls
 e - 3 scrolls of remove curse {unknown}
 h - 2 scrolls of fog {unknown}
 i - 3 scrolls of teleportation {unknown}
 k - a scroll of noise {unknown}
 m - 5 scrolls of identify {unknown}
 r - a scroll of amnesia {unknown}
 s - 2 scrolls of magic mapping {unknown}
 t - a scroll of fear {unknown}
 v - a scroll of immolation {unknown}
 C - a scroll of recharging {unknown}
Potions
 g - 2 potions of flight {unknown}
 n - a potion of curing {unknown}
 q - 2 potions of mutation {unknown}
 x - a potion of haste {unknown}
 z - a potion of degeneration {unknown}
 A - a potion of cancellation {unknown}
 E - a potion of lignification {unknown}
Comestibles
 f - 2 meat rations
 l - 2 beef jerkies
 F - 3 chunks of flesh


   Skills:
 + Level 2.5 Fighting
 + Level 0.6 Short Blades
 + Level 8.1 Crossbows
 + Level 0.7 Armour
 + Level 3.7 Dodging
 + Level 2.3 Stealth


You had 5 spell levels left.
You didn't know any spells.

Dungeon Overview and Level Annotations

Branches:
Dungeon (5/15)
 Temple: D:4-7

Altars:
Gozag
Nemelex Xobeh

Annotations:
D:4 Shenda's ghost, novice GrFi


Innate Abilities, Weirdness & Mutations

You are small and have problems with some larger weapons.
You are carnivorous and can eat meat at any time.


Message History

The orc priest barely misses you.
You hit the orc priest but do no damage.
The orc priest is heavily wounded.
The orc priest hits you with a flail.
* * * LOW HITPOINT WARNING * * *
You hit the orc priest but do no damage.
The orc priest is heavily wounded.
The orc priest calls down the wrath of Beogh upon you.
You barely resist.
You hit the orc priest but do no damage.
The orc priest is heavily wounded.
The orc priest misses you.
You hit the orc priest but do no damage.
The orc priest is heavily wounded.
The orc priest closely misses you.
You closely miss the orc priest.
The orc priest is heavily wounded.
The orc priest mumbles some strange prayers to Beogh against you.
Beogh smites you!
You die...

#.# #.# .# ((# .# #
#(# .#
#.##.######.#####
)(.. .........
#.#####)####........
#..(..)(o@.....#
#.....?.####...#
############...#
..........######
.#######........
#.....#.#######
#.....#.##
#.....').#
#.....#..####.#


You could see an orc priest.

Vanquished Creatures
  An orc priest (D:5)
  A centaur skeleton (D:4)
  A worker ant (D:4)
  2 orc wizards
  6 adders
  2 gnolls (D:4)
  2 oozes
  An adder skeleton (D:4)
  3 worms (D:2)
  A dart slug (D:1)
  3 giant geckos
  11 orcs
  5 ball pythons
  9 bats
  3 giant cockroaches (D:1)
  9 goblins
  9 hobgoblins
  7 jackals
  A quokka (D:2)
  6 giant newts
  5 kobolds
  4 rats
92 creatures vanquished.

Notes
Turn   | Place    | Note
-------+----------+-------------------------------------------
     0 | D:1      | Gagarin the Kobold Hunter began the quest for the Orb.
     0 | D:1      | Reached XP level 1. HP: 12/12 MP: 1/1
    34 | D:1      | Reached skill level 5 in Crossbows
   139 | D:1      | Found a sparkling altar of Nemelex Xobeh.
   168 | D:1      | Reached XP level 2. HP: 17/17 MP: 2/2
   398 | D:1      | Reached XP level 3. HP: 15/21 MP: 3/3
   808 | D:2      | Reached skill level 6 in Crossbows
   821 | D:2      | Found an opulent altar of Gozag.
   861 | D:2      | Reached XP level 4. HP: 22/26 MP: 4/4
  1358 | D:3      | Reached XP level 5. HP: 31/31 MP: 5/5
  1660 | D:3      | Reached skill level 7 in Crossbows
  2080 | D:4      | Found a sparkling altar of Nemelex Xobeh.
  2191 | D:4      | Reached XP level 6. HP: 36/36 MP: 6/6
  2269 | D:4      | Noticed Shenda's ghost (novice GrFi)
  2330 | D:5      | Entered Level 5 of the Dungeon
  2371 | D:5      | Reached skill level 8 in Crossbows
  2424 | D:5      | Killed from afar by an orc priest

Vault maps used:
D:1:      tarquinn_simple_flora_water_d, nemelex_diamond_rough_becter
D:2:      nicolae_gozag_seed_capital, minivault_23, minmay_tiny_reverse_x
D:4:      kennysheep_the_goblin_king, overflow_temple_1_default,
          portal_sewer_entry_e, uniq_eustachio, uniq_robin
D:5:      kennysheep_big_flooded_room, basic_altar, first_bread,
          grunt_decor_fettered, nrook_mini_vaults, minmay_stone_trees_medium

Skill      XL: |  1  2  3  4  5  6 |
---------------+-------------------+-----
Crossbows      | 5 6 7 8 |  8.1
Dodging        | 3 |  3.7
Stealth        | 2 |  2.3
Fighting       | |  2.5
Short Blades   | |  0.6
Armour         | |  0.7

Action                   |  1- 3 |  4- 6 || total
-------------------------+-------+-------++-------
Melee: Short sword       |    16 |    64 ||    80
 Fire: Hand crossbow     |    64 |    87 ||   151
       Arbalest          |       |    39 ||    39
 Stab: Sleeping          |     1 |       ||     1
  Eat: Chunk             |     8 |     5 ||    13
Armor: Leather armour    |     3 |    24 ||    27
Dodge: Dodged            |    23 |    87 ||   110
